 Dungeon Crawl Stone Soup version 0.28-a0-1524-ge72afd5fc6 (webtiles) character file.

Game seed: 9613867901803028438

83 HallandMoats the Skirmisher (level 4, -1/37 HPs)
             Began as a Demonspawn Fighter on Jan 18, 2022.
             Slain by an orc priest (5 damage)
             ... on level 4 of the Dungeon.
             The game lasted 00:01:35 (1415 turns).

HallandMoats the Skirmisher (Demonspawn Fighter)    Turns: 1415, Time: 00:01:36

Health: -1/37      AC:  6    Str: 23    XL:     4   Next: 22%
Magic:  1/1        EV: 11    Int: 12    God:
Gold:   31         SH:  4    Dex: 13    Spells: 3/3 levels left

rFire   . . .      SeeInvis .   l - +7 spear of Anger {antimagic, Fragile rN+ Str+5 Int+3}
rCold   . . .      Faith    .   c - +0 buckler
rNeg    + . .      Spirit   .   b - +0 scale mail
rPois   .          Reflect  .   (no helmet)
rElec   .          Harm     .   (no cloak)
rCorr   .          Rampage  .   (no gloves)
Will    +....                   (no boots)
Stlth   ..........              (no amulet)
HPRegen 0.12/turn               k - ring of willpower
MPRegen 0.07/turn               (no ring)

@: no status effects
A: claws 1, repulsion field 1, powered by death 1
a: no special abilities


You were on level 4 of the Dungeon.
You visited 1 branch of the dungeon, and saw 3 of its levels.

You collected 31 gold pieces.

Inventory:

Hand Weapons
 a - a +0 war axe
 g - a +2 short sword of freezing
 l - the +7 spear of Anger (weapon) {antimagic, Fragile rN+ Str+5 Int+3}
   (You found it on level 4 of the Dungeon)

   It reduces the magical energy of the wielder, and disrupts the spells and
   magical abilities of those it strikes.
   Natural abilities and divine invocations are not affected.
   Str:       It affects your strength (+5).
   Int:       It affects your intelligence (+3).
   rN:        It protects you from negative energy.
   Fragile:   It will be destroyed if unequipped.
Armour
 b - a +0 scale mail (worn)
 c - a +0 buckler (worn)
Jewellery
 k - a ring of willpower (left claw)
Scrolls
 f - a scroll of fog {unknown}
 h - 2 scrolls of identify {unknown}
 j - a scroll of blinking {unknown}
Potions
 d - a potion of might
 e - a potion of mutation {unknown}
 i - a potion of resistance {unknown}
 m - a potion of curing {unknown}


   Skills:
 * Level 3.8 Fighting
 * Level 2.7 Axes
 + Level 2.9 Armour
 + Level 1.0 Dodging
 + Level 3.0 Shields


You had 3 spell levels left.
You didn't know any spells.
Your spell library was empty.

Dungeon Overview and Level Annotations

Branches:
Dungeon (2/15)

Altars:
Nemelex Xobeh


Innate Abilities, Weirdness & Mutations

You have sharp fingernails.
You are surrounded by a mild repulsion field. (EV +2)
You regenerate a little health from kills.


Message History

You closely miss the orc. You block the orc's attack. x2
You puncture the orc!
You kill the orc!
The orc priest mumbles some strange prayers to Beogh against you.
You resist with significant effort.
You hit the ball python.
You kill the ball python!
The orc priest mumbles some strange prayers to Beogh against you.
You resist with significant effort.
You hear some strange, mumbled words.
A puff of flame appears from out of thin air!
The puff of flame hits you!
The orc priest calls down the wrath of Beogh upon you.
Pain shoots through your body!
* * * LOW HITPOINT WARNING * * *
Something hits you.
* * * LOW HITPOINT WARNING * * *
You barely miss something. Something hits you but does no damage.
You puncture something! Something hits you.
* * * LOW HITPOINT WARNING * * *
The orc priest miscasts a cantrip.
You hit something. Something hits you but does no damage.
You miss something. Something hits you but does no damage.
You hit something.
Reactivating autopickup.
You feel a bit more experienced.
Your Dodging skill increases to level 1!
Your Shields skill increases to level 3!
You have reached level 4!
You feel agile.
Your demonic ancestry asserts itself...
Your fingernails lengthen.
You closely miss the orc priest. The orc priest completely misses you.
You hit the orc priest.
The orc priest is moderately wounded.
The orc priest hits you with a +0 hand axe!
* * * LOW HITPOINT WARNING * * *
You closely miss the orc priest.
The orc priest is moderately wounded.
The orc priest hits you with a +0 hand axe.
You die...

....####. ##...##
....#....##^^_..##
......##......^##
....##..^.^....##
##.####..#...#####...#
......)..##^'#.#.#'.## .
#...###..#..###..#
#o#.....###.......
#@##.#......######
#.##...##.........
#.####....######## #.#
####.# #.# #.####### ...
#.# #........ .... #.#
#........ ....######.#
#........
..........#######........


You could see an orc priest.

Vanquished Creatures
  An orc wizard (D:4)
  An adder (D:2)
  A dart slug (D:1)
  3 orcs (D:4)
  6 ball pythons
  4 endoplasms (D:1)
  3 giant cockroaches
  2 goblins (D:2)
  7 hobgoblins
  2 jackals (D:2)
  3 bats
  A frilled lizard (D:1)
  3 kobolds
37 creatures vanquished.

Notes
Turn   | Place    | Note
-------+----------+-------------------------------------------
     0 | D:1      | HallandMoats the Demonspawn Fighter began the quest for the
                  | Orb.
     0 | D:1      | Reached XP level 1. HP: 18/18 MP: 1/1
   549 | D:1      | Gained mutation: You regenerate a little health from kills.
                  | [demonic ancestry]
   549 | D:1      | Reached XP level 2. HP: 23/24 MP: 2/2
   823 | D:1      | Found a faded altar of an unknown god.
  1061 | D:2      | Gained mutation: You are surrounded by a mild repulsion
                  | field. (EV +2) [demonic ancestry]
  1061 | D:2      | Reached XP level 3. HP: 29/29 MP: 3/3
  1334 | D:2      | You fall into a shaft and drop 2 floors!
  1337 | D:4      | Identified the +7 spear of Anger {antimagic, Fragile rN+
                  | Str+5 Int+3}
  1372 | D:4      | Found a sparkling altar of Nemelex Xobeh.
  1413 | D:4      | Reached skill level 1 in Dodging
  1413 | D:4      | Gained mutation: You have sharp fingernails. [demonic
                  | ancestry]
  1413 | D:4      | Reached XP level 4. HP: 11/37 MP: 1/4
  1415 | D:4      | Slain by an orc priest

Illustrated notes

Levels and vault maps discovered:
D:1:      lemuel_arrival_hallway, layout_loops_ring,
          ebering_ecumenical_altar_ruins, minivault_11, minmay_misc_feat_roman
D:2:      layout_basic
D:4:      layout_basic, nemelex_spade_bored_becter, overflow_temple_1_default,
          enter_ossuary_5, grunt_ministairs_2, uniq_duvessa, uniq_pikel

Skill      XL: |  1  2  3 |
---------------+----------+-----
Axes           | 2 |  2.7
Dodging        | 1 |  1.0
Shields        | 3 |  3.0
Fighting       | |  3.8
Armour         | |  2.9

Action                   |  1- 3 |  4- 6 || total
-------------------------+-------+-------++-------
Melee: War axe           |    20 |       ||    20
       Short sword       |    62 |       ||    62
       Spear             |    18 |     3 ||    21
Armor: Scale mail        |    40 |       ||    40
Dodge: Dodged            |    36 |     1 ||    37
Block: Buckler           |    24 |       ||    24

Table legend: (Time is in decaauts)
 A = Elapsed time spent in this place.
 B = Non-inter-level travel time spent in this place.
 C = Inter-level travel time spent in this place.
 D = Time resting spent in this place.
 E = Time spent auto-exploring this place.
 F = Levels seen in this place.
 G = Mean time per level.
                   A        B        C        D        E       F      G
               +--------+--------+--------+--------+--------+-----+--------+
         Total |   1433 |   1412 |     21 |    161 |    999 |   3 |  477.7 |
       Dungeon |   1433 |   1412 |     21 |    161 |    999 |   3 |  477.7 |
               +--------+--------+--------+--------+--------+-----+--------+

Top non-repeatable levels by time:
     D:1: 923 daAuts
     D:2: 428 daAuts
     D:4: 81 daAuts
